 Dungeon Crawl Stone Soup version 0.27-a0-1434-g6f15984924 (webtiles) character file.

Game seed: 11180893492764157238

18 blackman the Conjurer (level 2, -3/22 HPs)
             Began as a Draconian Conjurer on July 3, 2021.
             Succumbed to an orc wizard's poison
             ... on level 3 of the Dungeon.
             The game lasted 00:05:16 (1456 turns).

blackman the Conjurer (Draconian Conjurer)          Turns: 1456, Time: 00:05:17

Health: -3/22      AC:  4    Str:  9    XL:     2   Next: 51%
Magic:  3/5        EV: 12    Int: 18    God:
Gold:   21         SH:  0    Dex:  9    Spells: 4/5 levels left

rFire    . . .     SeeInvis .   (no weapon)
rCold    . . .     Faith    .   (no shield)
rNeg     . . .     Spirit   .   (armour unavailable)
rPois    .         Reflect  .   (helmet restricted)
rElec    .         Harm     .   (no cloak)
rCorr    .         Rampage  .   (no gloves)
Will     .....                  (no boots)
Stlth    +.........             (no amulet)
HPRegen  0.07/turn              (no ring)
MPRegen  0.09/turn              (no ring)

@: confused, lethally poisoned (-3 -> -22)
A: AC +4, unfitting armour, cold-blooded
a: no special abilities


You were on level 3 of the Dungeon.
You visited 1 branch of the dungeon, and saw 3 of its levels.

You collected 21 gold pieces.

Inventory:

Scrolls
 a - a scroll of acquirement {unknown}
 c - a scroll of teleportation {unknown}
 d - a scroll of identify {unknown}
 f - a scroll of immolation {unknown}
Potions
 b - a potion of mutation {unknown}
 e - a potion of flight {unknown}
 g - 2 potions of magic {unknown}


   Skills:
 - Level 0.4 Fighting
 - Level 1.7 Dodging
 - Level 1.7 Stealth
 * Level 2.3 Spellcasting
 * Level 4.4 Conjurations


You had 4 spell levels left.
You knew the following spells:

 Your Spells              Type           Power      Damage    Failure   Level
a - Magic Dart            Conj           72%        1d6       2%          1

Your spell library contained the following spells:

 Spells                   Type           Power      Damage    Failure   Level
 Searing Ray              Conj           36%        3d4       4%          2
 Dazzling Flash           Conj/Hex       20%        N/A       22%         3
 Poisonous Vapours        Pois/Air       4%         N/A       26%         2
 Mephitic Cloud           Conj/Pois/Air  7%         N/A       28%         3
 Gell's Gravitas          Tloc           1%         N/A       45%         3
 Lesser Beckoning         Tloc           1%         N/A       45%         3
 Teleport Other           Tloc           2%         N/A       45%         3
 Fulminant Prism          Conj/Hex       5%         3d7       56%         4
 Iskenderun's Mystic Bla  Conj/Tloc      10%        2d4       56%         4
 Freezing Cloud           Conj/Ice/Air   3%         6-21      95%         5


Dungeon Overview and Level Annotations

Branches:
Dungeon (3/15)

Altars:


Innate Abilities, Weirdness & Mutations

Your plain brown scales are hard. (AC +4)
You cannot fit into any form of body armour.
You are cold-blooded and may be slowed by cold attacks.


Message History

The magic dart hits the orc wizard.
The orc wizard is lightly wounded.
The frilled lizard hisses angrily.
The orc wizard completely misses you.
Casting: Magic Dart (safe; 2% risk of failure)
Confirm with . or Enter, or press ? or * to list all spells.
Aiming: Magic Dart (safe; 2% risk of failure)
Press: ? - help, Shift-Dir - straight line, f/p - orc wizard
Aim: an orc wizard, wielding a +2 dagger of venom and wearing a +0 robe (100% to hit)
The magic dart hits the orc wizard.
The orc wizard is moderately wounded.
The orc wizard hits you with a +2 dagger of venom.
You are poisoned.
The frilled lizard hisses.
You completely miss the orc wizard.
The orc wizard is moderately wounded.
You feel very sick.
The orc wizard hits you but does no damage.
You are lethally poisoned!
You closely miss the orc wizard.
Your tail-slap misses the orc wizard.
The orc wizard is moderately wounded.
You feel very sick.
The orc wizard points at you and mumbles some strange words.
The magic dart hits you. The frilled lizard bites you.
You hit the orc wizard but do no damage.
The orc wizard is moderately wounded.
* * * LOW HITPOINT WARNING * * *
You feel very sick.
The orc wizard gestures at you while chanting.
You are confused.
The frilled lizard bites you but does no damage.
You miss the orc wizard.
The orc wizard is moderately wounded.
* * * LOW HITPOINT WARNING * * *
You feel very sick.
The orc wizard hits you with a +2 dagger of venom.
* * * LOW HITPOINT WARNING * * *
You are more poisoned.
The frilled lizard closely misses you.
You die...

#.#...#
.....#
#....#
#....#
....#
#...#
#...#
#.@l#
#.o<#
##..#
#..#
#..#
#..#
#...
##.#
#.#


You could see an orc wizard and a frilled lizard.

Vanquished Creatures
  A ball python (D:1)
  2 endoplasms
  4 goblins
  A hobgoblin (D:2)
  2 kobolds (D:1)
  2 quokkas (D:1)
  A bat (D:1)
  3 rats (D:1)
16 creatures vanquished.

Notes
Turn   | Place    | Note
-------+----------+-------------------------------------------
     0 | D:1      | blackman the Draconian Conjurer began the quest for the
                  | Orb.
     0 | D:1      | Reached XP level 1. HP: 14/14 MP: 3/3
   651 | D:1      | Reached XP level 2. HP: 22/22 MP: 0/5
  1455 | D:3      | HP: 1/22 [orc wizard (1)]
  1456 | D:3      | Succumbed to an orc wizard's poison

Illustrated notes

Levels and vault maps discovered:
D:1:      kilobyte_arrival_exit_the_forest, layout_basic,
          corexii_leaking_fountain
D:2:      cheibrodos_pilgrimage, layout_basic,
          hellmonk_ecumenical_altar_heavens_door
D:3:      layout_basic, serial_shops, shop, amethyst_killhole

Action                   || total
-------------------------++-------
Melee: Unarmed           ||     6
 Cast: Magic Dart        ||    28
Armor: Skin              ||     4
Dodge: Dodged            ||     4

Table legend: (Time is in decaauts)
 A = Elapsed time spent in this place.
 B = Non-inter-level travel time spent in this place.
 C = Inter-level travel time spent in this place.
 D = Time resting spent in this place.
 E = Time spent auto-exploring this place.
 F = Levels seen in this place.
 G = Mean time per level.
                   A        B        C        D        E       F      G
               +--------+--------+--------+--------+--------+-----+--------+
         Total |   1468 |   1406 |     62 |    154 |   1068 |   3 |  489.3 |
       Dungeon |   1468 |   1406 |     62 |    154 |   1068 |   3 |  489.3 |
               +--------+--------+--------+--------+--------+-----+--------+

Top non-repeatable levels by time:
     D:1: 1301 daAuts
     D:2: 160 daAuts
     D:3: 6 daAuts
